 Dungeon Crawl Stone Soup version 0.28.0 (webtiles) character file.

Game seed: 12005416226181460883

55 Skilfsilihog the Conjurer (level 3, -2/26 HPs)
             Began as a Minotaur Conjurer on Feb 20, 2022.
             Slain by a worm (10 damage)
             ... on level 2 of the Dungeon.
             The game lasted 00:03:18 (1713 turns).

Skilfsilihog the Conjurer (Minotaur Conjurer)       Turns: 1713, Time: 00:03:19

Health: -2/26      AC:  2    Str: 11    XL:     3   Next: 67%
Magic:  1/4        EV: 12    Int: 23    God:
Gold:   45         SH:  0    Dex:  8    Spells: 1/4 levels left

rFire   . . .      SeeInvis .   b - +0 dagger
rCold   . . .      Faith    .   (no shield)
rNeg    . . .      Spirit   .   a - +0 robe
rPois   .          Reflect  .   (helmet restricted)
rElec   .          Harm     .   (no cloak)
rCorr   .          Rampage  .   (no gloves)
Will    .....                   (no boots)
Stlth   +.........              (no amulet)
HPRegen 0.08/turn               e - +6 ring of intelligence
MPRegen 0.09/turn               (no ring)

@: no status effects
A: horns 2, retaliatory headbutt
a: no special abilities


You were on level 2 of the Dungeon.
You visited 1 branch of the dungeon, and saw 2 of its levels.

You collected 45 gold pieces.

Inventory:

Hand Weapons
 b - a +0 dagger (weapon)
Armour
 a - a +0 robe (worn)
Jewellery
 e - a +6 ring of intelligence (left hand)
Scrolls
 d - a scroll of fog {unknown}
 g - a scroll of teleportation {unknown}
 h - a scroll of acquirement {unknown}
 j - a scroll of enchant armour {unknown}
Potions
 c - a potion of mutation {unknown}
 f - a potion of cancellation {unknown}
 i - a potion of curing {unknown}


   Skills:
 - Level 2.2 Dodging
 - Level 1.6 Stealth
 - Level 1.4 Spellcasting
 + Level 4.0 Conjurations


You had one spell level left.
You knew the following spells:

 Your Spells              Type           Power      Damage    Failure   Level
a - Magic Dart            Conj           80%        1d7       2%          1
b - Searing Ray           Conj           40%        2d5       3%          2

Your spell library contained the following spells:

 Spells                   Type           Power      Damage    Failure   Level
 Sting                    Tmut/Pois      4%         1d3       14%         1
 Dazzling Flash           Conj/Hex       20%        N/A       19%         3
 Poisonous Vapours        Pois/Air       2%         N/A       21%         2
 Fulminant Prism          Conj/Hex       5%         3d7       52%         4
 Iskenderun's Mystic Bla  Conj/Tloc      10%        2d4       52%         4
 Olgreb's Toxic Radiance  Pois           1%         N/A       80%         4


Dungeon Overview and Level Annotations

Branches:
Dungeon (2/15)

Altars:
Kikubaaqudgha

Shops:
D:2 (


Innate Abilities, Weirdness & Mutations

You have a pair of horns on your head.
You reflexively headbutt those who attack you in melee.


Message History

You don't have enough magic to cast this spell.
Unknown command.
Unknown command.
The endoplasm jiggles.
The endoplasm hits you.
* * * LOW HITPOINT WARNING * * *
The endoplasm freezes you.
You are frozen.
* * * LOW HITPOINT WARNING * * *
Casting: Searing Ray (safe; 4% risk of failure)
Confirm with . or Enter, or press ? or * to list all spells.
Aiming: Searing Ray (safe; 4% risk of failure)
Press: ? - help, Shift-Dir - straight line, f - endoplasm
Aim: an endoplasm (98% to hit)
The searing ray hits the endoplasm.
The endoplasm is severely wounded. (Press . to maintain the ray.)
The endoplasm closely misses you.
The searing ray hits the endoplasm.
You kill the endoplasm!
Unknown command.
Unknown command.
Without enough magic to sustain it, your searing ray dissipates.
You start resting.
A worm is nearby!
A worm is nearby!
Casting: Searing Ray (safe; 3% risk of failure)
Confirm with . or Enter, or press ? or * to list all spells.
Aiming: Searing Ray (safe; 3% risk of failure)
Press: ? - help, Shift-Dir - straight line, f - worm
Aim: a worm (92% to hit)
The searing ray hits the worm!
The worm is heavily wounded. (Press . to maintain the ray.) Without enough magic to sustain it, your searing ray dissipates.
The worm barely misses you. The worm misses you. The worm closely misses you.
The worm bites you!
You die...

############ ###
#..........# #..
#.########.# #.#
####.#<.....#.# #.#
.......####...####.#
.......# #......##.#
.......# #......@..#
.......# #.....w#..#
.......###......#..####
......................#
..............#######.###
....................#...#
.............######.###.#
.............# #.. #.#
....#.....#### #.# #.#


You could see a worm.

Vanquished Creatures
  2 adders (D:2)
  A worm (D:2)
  2 ball pythons
  A bat (D:1)
  3 endoplasms
  A giant cockroach (D:1)
  3 goblins
  2 hobgoblins (D:1)
  5 jackals (D:1)
  5 kobolds
  A quokka (D:1)
  A frilled lizard (D:2)
  3 rats (D:2)
30 creatures vanquished.

Notes
Turn   | Place    | Note
-------+----------+-------------------------------------------
     0 | D:1      | Skilfsilihog the Minotaur Conjurer began the quest for the
                  | Orb.
     0 | D:1      | Reached XP level 1. HP: 14/14 MP: 1/1
    48 | D:1      | Reached skill level 3 in Conjurations
    77 | D:1      | Reached XP level 2. HP: 15/20 MP: 3/3
   908 | D:1      | Learned a level 2 spell: Searing Ray
  1054 | D:1      | Found a faded altar of an unknown god.
  1299 | D:2      | Found an ancient bone altar of Kikubaaqudgha.
  1376 | D:2      | Reached XP level 3. HP: 16/26 MP: 0/4
  1595 | D:2      | Found Ishryroun's Antique Weapon Shoppe.
  1631 | D:2      | Reached skill level 4 in Conjurations
  1713 | D:2      | Slain by a worm

Illustrated notes

Levels and vault maps discovered:
D:1:      nicolae_arrival_somewhat_less_tricky_arrival, layout_loops_ring,
          shapermc_ecumenical_altar_hornbeckon, st_stairs_14
D:2:      layout_basic, basic_altar, serial_shops, nicolae_shop_trees,
          minmay_heptomino_w4

Skill      XL: |  1  2  3 |
---------------+----------+-----
Conjurations   | 3 4 |  4.0
Dodging        | |  2.2
Stealth        | |  1.6
Spellcasting   | |  1.4

Action                   || total
-------------------------++-------
Melee: Unarmed           ||    12
       Headbutt          ||     3
       Dagger            ||    20
 Cast: Magic Dart        ||    36
       Searing Ray       ||     3
 Stab: Distracted        ||     1
Armor: Robe              ||     6
Dodge: Dodged            ||    43
